 Dungeon Crawl Stone Soup version 0.22.1-1-ga44c0e5 (webtiles) character file.

505 bloo the Destroyer (level 6, -6/33 HPs)
             Began as a Deep Elf Conjurer on Oct 9, 2018.
             Mangled by Crazy Yiuf
             ... wielding a +2 quarterstaff of chaos
              (13 damage)
             ... on level 4 of the Dungeon on Oct 10, 2018.
             The game lasted 00:34:39 (7040 turns).

bloo the Destroyer (Deep Elf Conjurer)              Turns: 7040, Time: 00:34:41

Health: -6/33      AC:  3    Str:  5    XL:     6   Next: 96%
Magic:  8/14       EV: 13    Int: 22    God:
Gold:   149        SH:  0    Dex: 15    Spells: 3/13 levels left

rFire    + . .     SeeInvis .   i - +1 hunting sling
rCold    + . .     Gourm    +   (no shield)
rNeg     + . .     Faith    .   a - +0 robe
rPois    .         Spirit   .   (no helmet)
rElec    .         Reflect  .   o - scarf {rC+ rF+}
rCorr    .         Harm     .   n - +0 pair of gloves
MR       .....                  (no boots)
Stlth    ++........             p - amulet of the gourmand
HPRegen  0.11/turn              k - ring of positive energy
MPRegen  0.14/turn              (no ring)

@: lethally poisoned (-6 -> -9), slowed, very slow
A: no striking features
a: no special abilities


You were on level 4 of the Dungeon.
You were full.

You visited 2 branches of the dungeon, and saw 6 of its levels.

You collected 245 gold pieces.
You spent 96 gold pieces at shops.

Inventory:

Hand Weapons
 h - a +0 club
 i - a +1 hunting sling (weapon)
Missiles
 j - 207 stones (quivered)
Armour
 a - a +0 robe (worn)
 n - a +0 pair of gloves (worn)
 o - a scarf of resistance (worn)
Jewellery
 k - a ring of positive energy (left hand)
 p - an amulet of the gourmand (around neck)
Wands
 u - a wand of flame (20)
Scrolls
 e - 4 scrolls of amnesia
 f - 2 scrolls of teleportation
 g - a scroll of immolation {unknown}
 q - 2 scrolls of identify
 s - a scroll of fear
 t - a scroll of blinking
 v - a scroll of remove curse
Potions
 b - a potion of agility
 d - a potion of ambrosia {unknown}
 l - a potion of invisibility {unknown}
 m - a potion of heal wounds
 r - 2 potions of lignification {unknown}
Comestibles
 c - 5 rations


   Skills:
 - Level 0.4 Fighting
 - Level 2.4 Dodging
 - Level 2.4 Stealth
 + Level 4.3 Spellcasting
 + Level 8.7 Conjurations


You had 3 spell levels left.
You knew the following spells:

 Your Spells              Type           Power        Failure   Level  Hunger
a - Magic Dart            Conj           ####         1%          1    None
b - Searing Ray           Conj           #####.       1%          2    #......
c - Dazzling Spray        Conj/Hex       ###...       5%          3    ##.....
d - Iskenderun's Mystic   Conj           #####...     3%          4    ####...

Your spell library contained the following spells:

 Spells                   Type           Power        Failure   Level  Hunger
 Force Lance              Conj/Tloc      ###.....     19%         4    ####...
 Fulminant Prism          Conj/Hex       ###.......   19%         4    ####...


Dungeon Overview and Level Annotations

Branches:
Dungeon (5/15)             Temple (1/1) D:4

Altars:
Ashenzari
Dithmenos
Elyvilon
Fedhas
Gozag
Hepliaklqana
Kikubaaqudgha
Makhleb
Nemelex Xobeh
Okawaru
Ru
Sif Muna
Trog
Uskayaw
Wu Jian
Yredelemnul
Zin
The Shining One

Shops:
D:5 ?

Annotations:
D:4 Crazy Yiuf


Message History

Crazy Yiuf laughs, "Gum sing-song ladder!"
Crazy Yiuf hits you with a quarterstaff of chaos!
You feel yourself slow down.
The searing ray misses Crazy Yiuf.
You finish channeling your searing ray.
Crazy Yiuf hits you with a quarterstaff of chaos.
You are poisoned.
You feel sick. Crazy Yiuf misses you.
Casting: Searing Ray (safe; 1% risk of failure)
Confirm with . or Enter, or press ? or * to list all spells.
Aiming: Searing Ray (safe; 1% risk of failure)
Press: ? - help, Shift-Dir - straight line, f/p - Crazy Yiuf
Aim: Crazy Yiuf, wielding a quarterstaff of chaos and wearing an embroidered The searing ray hits Crazy Yiuf.
Crazy Yiuf is severely wounded. (Press . to maintain the ray.)
You feel sick.
Crazy Yiuf hits you with a quarterstaff of chaos!
* * * LOW HITPOINT WARNING * * *
You are electrocuted!
You die...

#.#.# #####.#.#
####.....#.# #####
#........'.. #)..#
###......#.# #...#
#......#.# ...
#.##...... #g#
#.######.# ♣@♣♣ #.#
#.... ♣♣.♣ #.#
#.#.# ♣.♣♣ ###.#
#.#.# ♣♣.♣ #.#.#
#.#.# ♣♣.♣♣
#.#.####.#.. ♣♣...♣
#........... ♣....♣
#.######.... #....#
#.##########
#....###.#.........


You could see Crazy Yiuf.

Vanquished Creatures
  A howler monkey (D:3)
  An orc wizard (D:4)
  2 bullfrog skeletons
  Ijyb (D:3)
  An iguana (D:5)
  A hound skeleton (D:5)
  Robin (D:2)
  11 gnolls
  8 adders
  An ooze (D:1)
  A worm (D:3)
  3 dart slugs
  2 leopard geckos
  10 orcs
  12 bats
  2 giant cockroaches
  15 goblins
  17 hobgoblins
  3 jackals
  A quokka (D:3)
  A ball python (D:1)
  3 frilled lizards
  12 kobolds
  15 rats
125 creatures vanquished.

Notes
Turn   | Place    | Note
-------+----------+-------------------------------------------
     0 | D:1      | bloo the Deep Elf Conjurer began the quest for the Orb.
     0 | D:1      | Reached XP level 1. HP: 10/10 MP: 6/6
   307 | D:1      | Reached XP level 2. HP: 15/15 MP: 2/8
   393 | D:1      | Reached skill level 5 in Conjurations
   947 | D:1      | Reached XP level 3. HP: 19/19 MP: 6/9
  1273 | D:1      | Learned a level 2 spell: Searing Ray
  1563 | D:2      | Noticed Robin
  1702 | D:3      | Noticed Ijyb
  1719 | D:3      | Reached skill level 6 in Conjurations
  1800 | D:3      | Reached XP level 4. HP: 24/24 MP: 6/10
  2685 | D:2      | Reached skill level 7 in Conjurations
  2685 | D:2      | Reached XP level 5. HP: 28/28 MP: 7/11
  2821 | D:2      | Found a faded altar of an unknown god.
  3331 | D:2      | Killed Robin
  3867 | D:3      | Reached XP level 6. HP: 33/33 MP: 8/12
  4021 | D:3      | Reached skill level 8 in Conjurations
  4981 | D:3      | Killed Ijyb
  5095 | D:3      | Found a hazy altar of Hepliaklqana.
  5270 | D:3      | Learned a level 3 spell: Dazzling Spray
  5275 | D:3      | Learned a level 4 spell: Iskenderun's Mystic Blast
  5686 | D:5      | Entered Level 5 of the Dungeon
  6032 | D:5      | Found Puopazaxt's Magic Scroll Boutique.
  6035 | D:5      | Bought a scroll of identify for 24 gold pieces
  6035 | D:5      | Bought a scroll of remove curse for 36 gold pieces
  6035 | D:5      | Bought a scroll of remove curse for 36 gold pieces
  6196 | D:4      | Found an iron altar of Okawaru.
  6292 | D:4      | Found a staircase to the Ecumenical Temple.
  6303 | Temple   | Entered the Ecumenical Temple
  7030 | D:4      | Found a runed door.
  7034 | D:4      | Noticed Crazy Yiuf
  7040 | D:4      | Mangled by Crazy Yiuf

Skill      XL: |  1  2  3  4  5  6 |
---------------+-------------------+-----
Conjurations   | 5 6 7 8 |  8.7
Spellcasting   | 4 |  4.3
Fighting       | |  0.4
Dodging        | |  2.4
Stealth        | |  2.4

Action                   |  1- 3 |  4- 6 || total
-------------------------+-------+-------++-------
 Cast: Magic Dart        |    62 |   115 ||   177
       Searing Ray       |     6 |    29 ||    35
  Use: Scroll            |     3 |     7 ||    10
       Potion            |       |     2 ||     2
  Eat: Chunk             |     3 |    22 ||    25
Armor: Robe              |     1 |     2 ||     3
Dodge: Dodged            |     4 |    10 ||    14
